cohdb
Replays
Latest Replays
All Replays
Popular Replays
Top Player Replays
Match Explorer
How It Works
Community
CoH3 Stats
Reddit
Sign in to upload your games and track your stats! →
Sign in with Steam
Match 41283045
Unlisted
Match 41283045
Overview
Messages
Build Orders
End
Construct Barracks
Engineer Squad
Selects Armored Battlegroup
Selects Veteran Crews
1⁄4-ton 4x4 Truck
Riflemen Squad
Grenade Package
Riflemen Squad
Riflemen Squad
Mechanized Support Center
Selects Fast Deploy
Construct Tank Depot
Selects Seek and Destroy
Engineer Squad
Selects UNKNOWN (2160077)
M4A3E8 Sherman Easy Eight
.30 cal Machine Gun
Engineer Squad
Engineer Squad
Engineer Squad
Seek and Destroy
M4A3E8 Sherman Easy Eight
Selects Field Repairs
1⁄4-ton 4x4 Truck
1⁄4-ton 4x4 Truck
1⁄4-ton 4x4 Truck
M4A3E8 Sherman Easy Eight
1⁄4-ton 4x4 Truck
Selects War Machine
M4A3E8 Sherman Easy Eight
Improvised Armor
Rapid Repairs
Salvage Crew
Seek and Destroy
Designate Forward Repair Station
M4A3E8 Sherman Easy Eight
alex You
Chaotic
산뢰군
Deep Blue Fish
[HAN]Diederick Kastner
Positivity :)
帝国の突撃隊
armored cockpit
0
0
Comments
sign in to comment!
No comments posted yet!